 Dungeon Crawl Stone Soup version 0.22.1-2-g9c5b331 (webtiles) character file.

1190 MalarOregon the Ducker (level 8, -4/58 HPs)
             Began as a Merfolk Ice Elementalist on Nov 28, 2018.
             Slain by a dire flail of flaming (5 damage)
             ... created by the rancor of the Wu Jian Council
             ... on level 6 of the Dungeon.
             The game lasted 00:18:38 (8340 turns).

MalarOregon the Ducker (Merfolk Ice Elementalist)   Turns: 8340, Time: 00:18:39

Health: -4/58      AC:  3    Str:  6    XL:     8   Next: 43%
Magic:  15/15      EV: 19    Int: 16    God:
Gold:   206        SH:  0    Dex: 18    Spells: 5/16 levels left

rFire    . . .     SeeInvis .   o - +2 spear (pierce)
rCold    . . .     Gourm    .   (no shield)
rNeg     . . .     Faith    .   a - +0 robe
rPois    .         Spirit   .   b - +0 helmet
rElec    .         Reflect  .   (no cloak)
rCorr    .         Harm     .   (no gloves)
MR       .....                  (no boots)
Stlth    ++........             (no amulet)
HPRegen  0.19/turn              i - +3 ring of dexterity
MPRegen  0.14/turn              j - +4 ring of evasion

@: about to teleport, barbed spikes
A: change form in water, swift swim, stealthy swim, sense surroundings 1, weak 1
a: no special abilities


You were on level 6 of the Dungeon.
You were not hungry.

You visited 1 branch of the dungeon, and saw 6 of its levels.

You collected 206 gold pieces.

Inventory:

Hand Weapons
 o - a +2 spear of piercing (weapon)
   (You took it off a gnoll on level 3 of the Dungeon)
Armour
 a - a +0 robe (worn)
 b - a +0 helmet (worn)
   (You found it on level 3 of the Dungeon)
 p - a +0 shield
   (You took it off a gnoll on level 3 of the Dungeon)
Jewellery
 i - a +3 ring of dexterity (left hand)
   (You found it on level 1 of the Dungeon)
 j - a +4 ring of evasion (right hand)
   (You found it on level 4 of the Dungeon)
 q - a +2 ring of strength
   (You took it off an orc on level 4 of the Dungeon)
Wands
 t - a wand of flame (19)
   (You found it on level 5 of the Dungeon)
 x - a wand of acid (9)
   (You found it on level 5 of the Dungeon)
Scrolls
 d - 2 scrolls of identify {@r1}
 h - 2 scrolls of fog
 k - 2 scrolls of remove curse {@r2}
 l - a scroll of enchant armour {unknown}
 n - 4 scrolls of magic mapping
 r - a scroll of immolation {!r}
 w - a scroll of fear {unknown}
Potions
 c - a potion of ambrosia
 g - a potion of invisibility {unknown}
 m - a potion of heal wounds {unknown}
 s - a potion of lignification {unknown}
 u - a potion of mutation {!q}
 v - 2 potions of degeneration {unknown}
 z - a potion of curing {@q1}
Comestibles
 e - 6 rations {!d}
 A - a chunk of flesh


   Skills:
 + Level 3.2 Fighting
 + Level 4.1 Polearms
 + Level 2.2 Armour
 + Level 5.1 Dodging
 - Level 2.1 Stealth
 + Level 2.0 Shields
 * Level 4.8 Spellcasting
 + Level 2.0 Conjurations
 + Level 2.2 Summonings
 + Level 4.8 Ice Magic


You had 5 spell levels left.
You knew the following spells:

 Your Spells              Type           Power        Failure   Level  Hunger
a - Freeze                Ice            ###.         2%          1    None
c - Throw Icicle          Conj/Ice       ##......     36%         4    ####...
d - Summon Ice Beast      Ice/Summ       ###.....     36%         4    ####...
x - Throw Frost           Conj/Ice       ##....       6%          2    ##.....

Your spell library contained the following spells:

 Spells                   Type           Power        Failure   Level  Hunger
 Ozocubu's Armour         Chrm/Ice       ##......     17%         3    ###....


Dungeon Overview and Level Annotations

Branches:
Dungeon (6/15)
 Temple: D:4-7

Altars:
Elyvilon
Gozag
Wu Jian


Innate Abilities, Weirdness & Mutations

You revert to your normal form in water.
You are very nimble and swift while swimming.
You are very stealthy in the water. (Stealth+)
You passively map a small area around you.
You are weak. (Str -2)


Message History

The crimson imp barely misses you.
You hit the crimson imp.
You kill the crimson imp!
Your Shields skill increases to level 2!
The leopard gecko completely misses you.
You hit the leopard gecko. The leopard gecko misses you.
You closely miss the leopard gecko. The leopard gecko misses you.
You hit the leopard gecko.
You kill the leopard gecko!
No target in view!
No target in view!
No target in view!
No target in view!
No target in view!
No target in view!
No target in view!
No target in view!
No target in view!
No target in view!
No target in view!
You butcher the leopard gecko corpse.
A - a chunk of flesh You see here a leopard gecko skeleton. x2
There is a stone staircase leading up here.
You start resting.
Sifu Deng Ai says: Die by a thousand cuts!
The divine experience drains your vigour! 5 dancing weapons come into view.
There is a glaive of electrocution.
There is a glaive of electrocution.
There Unknown command.
Okay, then.
As you read the scroll of teleportation {@r4}, it crumbles to dust.
You feel strangely unstable.
The barbs in your skin will harm you if you move.
Continue?
Okay, then.
You hit the rapier of electrocution. You hit the rapier of electrocution.
The rapier of electrocution hits you. The dire flail of flaming hits you.
The dire flail of flaming burns you.
The glaive of electrocution hits you from afar!
* * * LOW HITPOINT WARNING * * *
The glaive of electrocution hits you!
* * * LOW HITPOINT WARNING * * *
You hit the rapier of electrocution but do no damage.
The rapier of electrocution hits you.
* * * LOW HITPOINT WARNING * * *
The quarterstaff of crushing closely misses you.
The dire flail of flaming hits you!
* * * LOW HITPOINT WARNING * * *
The dire flail of flaming burns you.
You die...

, , ., #####
#.##...##
#.#.....## ,
#........##
##....⌠.⌠..##
#....(......#
*
#...⌠.(((.⌠.#
#......@(...#
...#.......##
, ##.....## *
* #######,, *
, * , , , *
,, * ,


You could see 5 dancing weapons.

Vanquished Creatures
  An ice beast (D:5)
  An orc warrior (D:4)
  2 ogres (D:5)
  2 scorpions
  3 crimson imps
  A bullfrog zombie (D:5)
  A hound (D:4)
  2 iguanas
  Natasha (thrice) (D:3)
  3 orc wizards
  2 worker ants (D:4)
  A hound zombie (D:6)
  A hound skeleton (D:4)
  A worker ant zombie (D:5)
  7 gnolls
  5 adders
  A shadow imp (D:5)
  2 oozes (D:3)
  10 worms
  4 dart slugs
  3 leopard geckos
  17 orcs
  11 bats
  A giant cockroach (D:3)
  7 goblins
  9 hobgoblins
  5 jackals
  9 kobolds
  2 quokkas (D:3)
  2 ball pythons
  6 frilled lizards
  A giant cockroach zombie (D:5)
  A leopard gecko skeleton (D:5)
  A quokka skeleton (D:5)
  3 rats
131 creatures vanquished.

Notes
Turn   | Place    | Note
-------+----------+-------------------------------------------
     0 | D:1      | MalarOregon the Merfolk Ice Elementalist began the quest
                  | for the Orb.
     0 | D:1      | Reached XP level 1. HP: 13/13 MP: 3/3
   364 | D:1      | Reached XP level 2. HP: 20/20 MP: 0/5
   605 | D:1      | Reached skill level 3 in Dodging
   908 | D:1      | Reached XP level 3. HP: 25/25 MP: 6/6
   912 | D:1      | Learned a level 2 spell: Throw Frost
  1123 | D:2      | Reached skill level 1 in Fighting
  1220 | D:2      | Noticed an orc warrior
  2480 | D:3      | Reached XP level 4. HP: 22/32 MP: 3/8
  2686 | D:3      | Noticed Natasha
  2691 | D:3      | Killed Natasha
  2691 | D:3      | Reached skill level 1 in Polearms
  2691 | D:3      | Reached skill level 1 in Armour
  2811 | D:3      | Found an opulent altar of Gozag.
  2811 | D:3      | Noticed Natasha
  2831 | D:3      | HP: 1/32 [Natasha/magic dart (6)]
  2838 | D:3      | Killed Natasha
  2838 | D:3      | Reached XP level 5. HP: 12/37 MP: 9/9
  3050 | D:3      | Noticed Natasha
  3120 | D:3      | Gained mutation: You are weak. (Str -2) [potion of
                  | mutation]
  3120 | D:3      | Gained mutation: You passively map a small area around you.
                  | [potion of mutation]
  3127 | D:3      | Killed Natasha
  3915 | D:2      | Learned a level 4 spell: Summon Ice Beast
  4387 | D:2      | Reached XP level 6. HP: 40/44 MP: 11/11
  5188 | D:3      | Reached skill level 4 in Dodging
  5188 | D:3      | Reached skill level 1 in Conjurations
  5380 | D:3      | Learned a level 4 spell: Throw Icicle
  5706 | D:4      | Reached skill level 1 in Summonings
  5806 | D:4      | Reached XP level 7. HP: 33/51 MP: 4/12
  6129 | D:4      | Reached skill level 1 in Shields
  6340 | D:4      | Found a white marble altar of Elyvilon.
  6340 | D:4      | Found an ornate altar of the Wu Jian Council.
  6541 | D:4      | Became a worshipper of the Wu Jian Council
  6807 | D:5      | Entered Level 5 of the Dungeon
  7087 | D:5      | Reached XP level 8. HP: 48/57 MP: 6/14
  7659 | D:5      | Reached skill level 5 in Dodging
  7736 | D:5      | Fell from the grace of Wu Jian
  8193 | D:5      | Noticed a dire flail of speed
  8193 | D:5      | Noticed a dire flail of crushing
  8193 | D:5      | Noticed a rapier of speed
  8337 | D:6      | Noticed a dire flail of flaming
  8337 | D:6      | Noticed a rapier of electrocution
  8337 | D:6      | Noticed a quarterstaff of crushing
  8340 | D:6      | HP: 1/58 [dire flail of flaming[the rancor of the Wu Jian
                  | Council] (15)]
  8340 | D:6      | Slain by a dire flail of flaming

Skill      XL: |  1  2  3  4  5  6  7  8 |
---------------+-------------------------+-----
Dodging        | 3 4 5 |  5.1
Fighting       | 1 2 3 |  3.2
Polearms       | 1 2 3 4 |  4.1
Armour         | 1 2 |  2.2
Spellcasting   | 3 4 |  4.8
Ice Magic      | 4 |  4.8
Conjurations   | 1 2 |  2.0
Summonings     | 1 2 |  2.2
Shields        | 1 2 |  2.0
Stealth        | |  2.1

Action                   |  1- 3 |  4- 6 |  7- 9 || total
-------------------------+-------+-------+-------++-------
Melee: Unarmed           |     5 |       |       ||     5
       Short sword       |     4 |       |       ||     4
       Dagger            |     9 |       |       ||     9
       Spear             |     9 |   174 |   215 ||   398
 Cast: Freeze            |    48 |    50 |    32 ||   130
       Throw Frost       |    26 |    24 |    10 ||    60
       Throw Icicle      |       |       |     3 ||     3
Invok: Lunge             |       |       |     2 ||     2
       Renounce Religion |       |       |     1 ||     1
  Use: Scroll            |     5 |     2 |     5 ||    12
       Potion            |       |     4 |       ||     4
 Stab: Sleeping          |     3 |     3 |     2 ||     8
       Distracted        |       |       |     2 ||     2
  Eat: Chunk             |     5 |    14 |     9 ||    28
Armor: Robe              |    11 |    30 |    21 ||    62
Dodge: Dodged            |    46 |   146 |   190 ||   382
